 Dungeon Crawl Stone Soup version 0.28-a0-1286-g6bde065e89 (webtiles) character file.

Game seed: 10853034936489204845

153066 freelancePsychic the Green Death (level 17, -16/163 HPs)
             Began as a Hill Orc Fighter on Dec 27, 2021.
             Was a High Priest of Fedhas.
             Demolished by an eight-headed hydra (21 damage)
             ... called by a spriggan druid
             ... on level 4 of the Swamp.
             The game lasted 01:44:38 (40393 turns).

freelancePsychic the Green Death (HOFi)            Turns: 40393, Time: 01:44:38

Health: -16/163    AC: 22    Str: 25    XL:     17   Next: 59%
Magic:  29/30      EV: 14    Int: 14    God:    Fedhas [*****.]
Gold:   1310       SH:  0    Dex: 16    Spells: 16/16 levels left

rFire   + . .      SeeInvis +   X - +7 broad axe (spect)
rCold   + + .      Faith    +   Y - +0 kite shield
rNeg    . . .      Spirit   .   B - +0 plate armour
rPois   .          Reflect  .   n - +0 helmet {SInv}
rElec   .          Harm     .   w - scarf {rC+ rF+}
rCorr   .          Rampage  .   E - +1 pair of gloves
Will    ++...                   M - +1 pair of boots {Fly}
Stlth   ..........              m - amulet of faith
HPRegen 0.37/turn               a - ring "Lerof" {Will+ EV+4 Int+6 Dex+4}
MPRegen 0.22/turn               x - ring of protection from cold

@: confused, flying
A: no striking features
a: Renounce Religion, Wall of Briars, Grow Ballistomycete, Overgrow, Grow Oklob


You were on level 4 of the Swamp.
You worshipped Fedhas.
Fedhas was extremely pleased with you.
You visited 6 branches of the dungeon, and saw 29 of its levels.
You also visited: Ice Cave.

You collected 2765 gold pieces.
You spent 1455 gold pieces at shops.

Inventory:

Hand Weapons
 X - a +7 spectral broad axe (weapon)
Missiles
 c - a throwing net
 u - 5 curare-tipped darts (quivered)
 A - 3 silver boomerangs
 H - 99 poisoned darts
Armour
 n - a +0 helmet of see invisible (worn)
 w - a scarf of resistance (worn)
 B - a +0 plate armour (worn)
 E - a +1 pair of gloves (worn)
 J - a +0 tower shield
 M - a +1 pair of boots of flying (worn)
 Y - a +0 kite shield (worn)
Jewellery
 a - the ring "Lerof" (left hand) {Will+ EV+4 Int+6 Dex+4}
   (You bought it in a shop on level 2 of the Orcish Mines)

   [ring of evasion]

   EV:        It affects your evasion (+4).
   Int:       It affects your intelligence (+6).
   Dex:       It affects your dexterity (+4).
   Will:      It increases your willpower.
 m - an amulet of faith (around neck)
 q - a ring of resist corrosion
 v - the ring of Zenaamonink {Will+ Str+4 Dex+3}
   (You found it on level 6 of the Dungeon)

   [ring of willpower]

   Str:       It affects your strength (+4).
   Dex:       It affects your dexterity (+3).
   Will:      It increases your willpower.
 x - a ring of protection from cold (right hand)
 N - the ring "Qugu Gell" {*Corrode rC- Str+6 Dex+10 Slay+3}
   (You found it on level 4 of the Lair of Beasts)

   [ring of strength]

   Str:       It affects your strength (+6).
   Dex:       It affects your dexterity (+10).
   Slay:      It affects your accuracy & damage with ranged weapons and melee
   (+3).
   rC:        It makes you vulnerable to cold.
   *Corrode:  It may corrode you when you take damage.
 U - a ring of fire
Wands
 d - a wand of flame (1)
 e - a wand of mindburst (17)
 C - a wand of polymorph (20)
 K - a wand of paralysis (27)
 L - a wand of digging (23)
 Q - a wand of acid (14)
Scrolls
 b - a scroll of fear
 i - 8 scrolls of teleportation {@r4}
 o - 2 scrolls of magic mapping
 s - 4 scrolls of fog
 t - a scroll of enchant armour
 y - a scroll of summoning
 I - a scroll of blinking
 S - 2 scrolls of amnesia
 V - a scroll of holy word
Potions
 f - 2 potions of attraction
 h - 5 potions of haste {@q3}
 j - 8 potions of mutation
 k - 2 potions of invisibility
 p - 4 potions of lignification
 r - 5 potions of magic
 z - 3 potions of resistance
 F - a potion of berserk rage
 G - 6 potions of brilliance {unknown}
 P - a potion of ambrosia {unknown}
 R - a potion of flight {unknown}
 T - 3 potions of might
 Z - a potion of cancellation {unknown}
Miscellaneous
 l - a box of beasts (inert)
 W - a condenser vane (inert)


   Skills:
 - Level 17.8 Fighting
 - Level 18.1 Axes
 - Level 1.6 Throwing
 + Level 12.9 Armour
 - Level 5.9 Dodging
 - Level 15.0 Shields
 + Level 18.3 Invocations
 - Level 5.0 Evocations


You had 16 spell levels left.
You didn't know any spells.
Your spell library contained the following spells:

 Spells                   Type           Power      Damage    Failure   Level
 Animate Skeleton         Necr           0%         N/A       94%         1
 Apportation              Tloc           0%         N/A       94%         1
 Pain                     Necr           0%         1d4       94%         1
 Shock                    Conj/Air       0%         1d3       94%         1
 Summon Small Mammal      Summ           0%         N/A       94%         1
 Static Discharge         Conj/Air       0%         N/A       98%         2
 Conjure Flame            Conj/Fire      0%         6-21      100%        3
 Spider Form              Tmut/Pois      0%         N/A       100%        3
 Swiftness                Air            0%         N/A       100%        3
 Vampiric Draining        Necr           0%         2d6       100%        3
 Airstrike                Air            0%         N/A       100%        4
 Dispel Undead            Necr           0%         3d6       100%        4
 Leda's Liquefaction      Hex/Erth       0%         N/A       100%        4
 Sticky Flame             Conj/Fire      0%         2d3       100%        4
 Alistair's Intoxication  Tmut/Pois      0%         N/A       100%        5
 Borgnjor's Vile Clutch   Necr/Erth      0%         N/A       100%        5
 Lee's Rapid Deconstruct  Erth           0%         3d5*      100%        5
 Summon Forest            Summ/Tloc      0%         N/A       100%        5
 Eringya's Noxious Bog    Tmut/Pois      0%         N/A       100%        6
 Statue Form              Tmut/Erth      0%         N/A       100%        6
 Summon Hydra             Summ           0%         N/A       100%        7
 Ignition                 Fire           0%         3d3       100%        8


Dungeon Overview and Level Annotations

Branches:
Dungeon (15/15)            Temple (1/1) D:4            Lair (6/6) D:8
  Swamp (4/4) Lair:2       Spider (1/4) Lair:4        Slime (0/5) Lair:5
    Orc (2/2) D:12            Elf (0/3) Orc:2        Vaults (0/5) D:14
 Depths (0/4) D:15          IceCv (visited)

Altars:
Ashenzari
Cheibriados
Dithmenos
Elyvilon
Fedhas
Hepliaklqana
Kikubaaqudgha
Makhleb
Nemelex Xobeh
Ru
Uskayaw
Vehumet
Wu Jian
Yredelemnul
Zin
The Shining One
Beogh
Jiyva

Shops:
D:1 [   Orc:2 ==(?

Annotations:
D:5 Dowan, Duvessa
Lair:5 3 runed translucent doors, Cancer's ghost, journeyman GrCj
Spider:1 Mlioglotl


Message History

The alligator seems to grow more fierce.
The six-headed hydra seems to grow more fierce.
The swamp worm seems to grow more fierce.
You kill the spriggan druid!
Fedhas appreciates your contribution to the ecosystem.
You hear a splash. x2
You slice one of the six-headed hydra's heads off!
The five-headed hydra grows two more!
You slash the seven-headed hydra! You hit the swamp worm.
Your +7 spectral broad axe hits the seven-headed hydra!!
Your +7 spectral broad axe lops one of the seven-headed hydra's heads off!
The six-headed hydra grows two more!
Your +7 spectral broad axe hits the swamp worm!
You are engulfed in noxious fumes.
The eight-headed hydra bites you! x3
* * * LOW HITPOINT WARNING * * *
The eight-headed hydra bites you but does no damage. x2
The eight-headed hydra bites you!
* * * LOW HITPOINT WARNING * * *
The eight-headed hydra bites you.
* * * LOW HITPOINT WARNING * * *
The eight-headed hydra bites you but does no damage.
The swamp worm is engulfed in noxious fumes.
The swamp worm appears confused.
You are engulfed in noxious fumes.
You choke on the stench!
You are more confused.
* * * LOW HITPOINT WARNING * * *
The alligator bites you!
* * * LOW HITPOINT WARNING * * *
The alligator completely misses you.
Your ballistomycete spore explodes!
The swamp worm appears confused.
The explosion of spores engulfs the swamp worm!!
You kill the swamp worm!
Fedhas appreciates your contribution to the ecosystem.
Fedhas protects your plant from harm. The eight-headed hydra bites you!
* * * LOW HITPOINT WARNING * * *
The eight-headed hydra bites you!!
You die...
Fedhas appreciates your contribution to the ecosystem.

♣.≈§§≈≈≈≈≈.≈≈≈≈♣
≈$≈≈§≈≈<♣.≈≈.♣
♣♣♣♣.≈≈§≈≈.♣.≈≈.♣
♣♣≈!≈≈≈≈§≈≈.....≈♣
♣≈.≈≈≈......)..♣♣ ≈.
♣.≈≈≈≈≈♣≈.§≈≈≈.♣ .≈≈.
♣♣≈....≈..≈≈≈≈≈≈♣≈≈≈≈.
♣≈......?)Pkk≈≈≈≈.§≈≈♣
♣.§≈...≈°°@t≈§♣♣≈≈♣♣♣
♣.≈≈≈≈.≈°°D.≈♣♣ ♣♣
♣♣≈≈≈≈.≈.°♣♣♣♣♣
♣)≈≈≈§..°♣♣ ♣.≈≈≈≈≈≈♣♣
♣♣≈≈≈≈≈.♣≈♣
♣♣)≈≈≈≈.♣≈♣♣
♣.≈≈≈≈≈.♣..♣
♣.≈≈≈≈≈†≈≈≈♣


You could see an alligator (strong, swift, confused), an eight-headed hydra
(strong), 2 swamp drakes and a friendly ballistomycete (summoned).

Vanquished Creatures
  A tentacled monstrosity (Swamp:3)
  Rupert (D:12)
  Frances (D:14)
  Agnes (D:14)
  3 azure jellies (IceCv)
  A rockslime (IceCv)
  A broodmother (Lair:4)
  3 quicksilver oozes (IceCv)
  3 eleionomae
  A dire elephant (Lair:6)
  5 entropy weavers (Lair:4)
  An ettin (Orc:1)
  A great orb of eyes (D:13)
  Fannar (D:12)
  3 boulder beetles
  5 ghost crabs
  6 hydras
  5 vault guards (D:14)
  2 catoblepae (Lair:6)
  5 centaur warriors
  6 alligators
  An anaconda (Lair:5)
  A two-headed ogre (D:8)
  A two-headed ogre (shapeshifter) (D:13)
  Erica (Lair:2)
  10 death yaks
  A deep troll shaman (Lair:6)
  Urug (D:12)
  A deep elf knight (D:10)
  10 spriggans
  4 fire crabs (Lair:4)
  4 skeletal warriors (D:15)
  5 goliath frogs
  A swamp dragon (Swamp:2)
  4 spriggan druids
  A necromancer (D:15)
  A flayed ghost (D:10)
  A bog body (Swamp:1)
  3 wizards
  4 orc knights (Orc:2)
  A deep elf pyromancer (D:13)
  8 ugly things
  4 orc sorcerers
  6 manticores
  4 will-o-the-wisps
  3 cyclopes
  3 black mambas
  A shining eye (shapeshifter) (D:10)
  A naga mage (D:15)
  Joseph (D:8)
  4 centaur zombies
  15 elephants
  An apocalypse crab (Lair:4)
  12 cane toads
  3 gargoyles
  11 komodo dragons
  2 unseen horrors
  A rime drake (shapeshifter) (D:14)
  3 rime drakes
  2 efreet
  4 yaktaurs
  A tengu conjurer (D:13)
  3 kobold demonologists (D:13)
  A freezing wraith (D:15)
  3 entropy weaver simulacra (IceCv)
  A very ugly thing simulacrum (IceCv)
  6 tyrant leeches
  4 polar bears
  2 trolls
  2 tarantellas (Lair:4)
  6 hornets
  17 blink frogs
  27 slime creatures
  6 dream sheep (Lair:6)
  A jumping spider (Spider:1)
  A centaur simulacrum (D:15)
  Sigmund (D:4)
  A wraith (D:12)
  89 yaks
  5 wyverns
  3 vampires
  Eustachio (D:5)
  4 fire bats (Lair:6)
  A yak (shapeshifter) (D:14)
  A golden eye (shapeshifter) (D:15)
  3 redbacks
  10 basilisks
  3 steam dragons
  7 vampire mosquitoes
  3 wargs (D:7)
  13 swamp worms
  6 demonic crawler simulacra (IceCv)
  An acid dragon (D:9)
  20 water moccasins
  28 orc warriors
  A floating eye (Lair:4)
  Pargi (D:3)
  An ice beast (D:8)
  2 meliai simulacra
  2 sky beasts (D:6)
  A necrophage (D:4)
  15 centaurs
  10 ogres
  4 ugly thing simulacra (IceCv)
  24 wolves
  Blork the orc (D:5)
  9 kobold brigands
  8 bullfrogs
  4 gnoll sergeants
  A wyvern zombie (D:8)
  2 scorpions
  29 killer bees
  7 wights (D:8)
  8 howler monkeys
  2 electric eels (Lair:6)
  A crimson imp (D:7)
  Crazy Yiuf (D:7)
  A jelly (D:5)
  7 orc priests
  A bullfrog skeleton (D:6)
  An iguana (D:5)
  A centaur skeleton (D:7)
  2 hell rats (Lair:6)
  20 orc wizards
  5 gnolls
  8 river rats (Lair:6)
  5 adders
  A white imp (D:7)
  2 ufetubi
  2 adder skeletons (D:4)
  A worm (D:4)
  3 dart slugs
  33 orcs
  3 ball pythons
  7 endoplasms
  3 giant cockroaches
  7 hobgoblins
  2 jackals (D:4)
  26 kobolds
  3 quokkas
  4 bats
  3 frilled lizards
  6 goblins
  6 rats
  4 ballistomycete spores
783 creatures vanquished.

Vanquished Creatures (collateral kills)
  Aizul (Swamp:3)
  A hydra (D:10)
  A centaur warrior (D:10)
  A death knight (D:10)
  A two-headed ogre (D:10)
  A tengu warrior (D:10)
  A skeletal warrior (D:10)
  A manticore (D:10)
  2 orc knights
  An ice statue (D:11)
  A komodo dragon (Lair:5)
  2 trolls
  A blink frog (Lair:6)
  5 vampire mosquitoes
  An acid dragon (D:10)
  3 orc warriors (Orc:2)
  A wolf (Lair:6)
  4 centaurs
  12 killer bees
  2 wights (D:8)
  5 orc priests (Orc:2)
  An orc wizard (D:10)
  2 gnolls (Orc:2)
  11 orcs
  162 ballistomycete spores
224 creatures vanquished.

Vanquished Creatures (others)
  2 oklob plants (Lair:2)
  3 bloated husks
  A wyvern (Lair:2)
  A steam dragon (Lair:2)
  3 swamp worms
  A swamp drake (Swamp:3)
  A human (D:3)
  A centaur (D:12)
  An orc (Orc:2)
  15 ballistomycete spores
  22 foxfires
  50 fungi
  87 plants
188 creatures vanquished.

Grand Total: 1195 creatures vanquished

Notes
Turn   | Place    | Note
-------+----------+-------------------------------------------
     0 | D:1      | freelancePsychic the Hill Orc Fighter began the quest for
                  | the Orb.
     0 | D:1      | Reached XP level 1. HP: 19/19 MP: 1/1
   247 | D:1      | Reached XP level 2. HP: 26/27 MP: 2/2
   357 | D:1      | Found Zixzuhaxt's Armour Emporium.
   675 | D:1      | Reached XP level 3. HP: 21/33 MP: 3/3
  1149 | D:2      | HP: 1/33 [poisoned by a kobold]
  1996 | D:2      | Reached skill level 1 in Throwing
  1996 | D:2      | Reached XP level 4. HP: 40/40 MP: 4/4
  2623 | D:3      | Noticed Pargi
  2645 | D:3      | Killed Pargi
  2646 | D:3      | Reached skill level 5 in Axes
  2646 | D:3      | Reached XP level 5. HP: 18/47 MP: 5/5
  2843 | D:3      | Found a faded altar of an unknown god.
  3297 | D:3      | Found an ancient bone altar of Kikubaaqudgha.
  3298 | D:3      | Noticed a human
  3301 | D:3      | Killed a human
  3588 | D:4      | Noticed an ogre
  3943 | D:4      | Noticed Sigmund
  3951 | D:4      | Found a staircase to the Ecumenical Temple.
  3961 | Temple   | Entered the Ecumenical Temple
  4028 | Temple   | Became a worshipper of Fedhas Madash
  4173 | D:4      | Noticed a necrophage
  4192 | D:4      | Killed a necrophage
  4193 | D:4      | Reached skill level 5 in Fighting
  4193 | D:4      | Reached skill level 1 in Invocations
  4193 | D:4      | Reached XP level 6. HP: 47/56 MP: 5/7
  4331 | D:4      | Killed Sigmund
  4332 | D:4      | Reached XP level 7. HP: 49/61 MP: 8/8
  4713 | D:5      | Entered Level 5 of the Dungeon
  4728 | D:5      | Noticed Blork the orc
  4740 | D:5      | Killed Blork the orc
  4854 | D:5      | Reached * piety under Fedhas
  4947 | D:5      | Reached XP level 8. HP: 36/71 MP: 11/11
  5481 | D:5      | Reached skill level 5 in Invocations
  5559 | D:5      | Noticed Eustachio
  5585 | D:5      | Killed Eustachio
  5743 | D:5      | Noticed Dowan
  5748 | D:5      | Noticed Duvessa
  5868 | D:6      | Identified the ring of Zenaamonink {Will+ Str+4 Dex+3}
  5966 | D:6      | Reached skill level 10 in Axes
  6429 | D:6      | Reached XP level 9. HP: 79/79 MP: 13/13
  6831 | D:7      | Found a runed translucent door.
  6832 | D:7      | Noticed Crazy Yiuf
  6852 | D:7      | Noticed a boulder beetle
  6877 | D:7      | Killed a boulder beetle
  7077 | D:7      | Reached ** piety under Fedhas
  7873 | D:7      | Killed Crazy Yiuf
  7965 | D:8      | Reached XP level 10. HP: 54/91 MP: 12/16
  8434 | D:8      | Found a staircase to the Lair.
  8446 | D:8      | Got the Incunabulum of Blistering Intoxication
  8983 | D:8      | Noticed Joseph
  9039 | D:8      | Reached *** piety under Fedhas
  9060 | D:8      | Killed Joseph
  9061 | D:8      | Reached skill level 10 in Fighting
  9321 | D:8      | Noticed a two-headed ogre
  9343 | D:8      | Killed a two-headed ogre
  9736 | D:9      | Reached skill level 10 in Invocations
  9850 | D:9      | Reached XP level 11. HP: 80/101 MP: 18/18
  9856 | D:9      | Reached skill level 15 in Axes
 10681 | D:9      | Found a glowing golden altar of the Shining One.
 10711 | D:10     | Entered Level 10 of the Dungeon
 10955 | D:10     | Identified the +8 flail of the Candle {freeze, rElec}
 10986 | D:10     | Noticed a rakshasa
 10987 | D:10     | Noticed a flayed ghost
 11034 | Lair:1   | Entered Level 1 of the Lair of Beasts
 11050 | Lair:1   | Reached **** piety under Fedhas
 11789 | Lair:1   | Reached skill level 5 in Shields
 11824 | Lair:1   | Reached skill level 5 in Armour
 12104 | Lair:1   | Reached XP level 12. HP: 86/112 MP: 20/20
 12460 | Lair:1   | Noticed an eight-headed hydra
 12470 | Lair:1   | Killed an eight-headed hydra
 12764 | Lair:2   | Found a staircase to the Swamp.
 12780 | Lair:2   | Noticed Erica
 12796 | Lair:2   | Killed Erica
 13701 | D:1      | Bought a +1 pair of boots of flying for 181 gold pieces
 14438 | Lair:2   | Reached ***** piety under Fedhas
 15344 | Lair:3   | Reached XP level 13. HP: 104/123 MP: 20/22
 16821 | Lair:3   | You are sucked into a shaft and drop 2 floors!
 16851 | Lair:5   | Reached skill level 10 in Shields
 17494 | Lair:4   | Found a hole to the Spider Nest.
 17583 | Lair:4   | Paralysed by a floating eye for 2 turns
 17587 | Lair:4   | Paralysed by a floating eye for 4 turns
 17618 | Lair:4   | Reached skill level 15 in Fighting
 18880 | Lair:4   | Found a runed translucent door.
 19039 | Lair:4   | Reached XP level 14. HP: 113/135 MP: 25/25
 19116 | Lair:4   | Noticed an entropy weaver
 19161 | Lair:4   | Killed an entropy weaver
 19162 | Lair:4   | Reached skill level 15 in Invocations
 19456 | Lair:4   | Noticed an entropy weaver
 19497 | Lair:4   | Killed an entropy weaver
 19882 | Lair:4   | Noticed an entropy weaver
 19889 | Lair:4   | Killed an entropy weaver
 19979 | Lair:4   | Noticed an entropy weaver
 19984 | Lair:4   | Killed an entropy weaver
 20373 | Lair:4   | Noticed an entropy weaver
 20392 | Lair:4   | Killed an entropy weaver
 20604 | Lair:4   | Identified the ring "Qugu Gell" {*Corrode rC- Str+6 Dex+10
                  | Slay+3}
 21398 | Lair:5   | Found a runed translucent gate.
 21398 | Lair:5   | Found a runed translucent gate.
 21398 | Lair:5   | Noticed an azure jelly
 21399 | Lair:5   | Found a runed translucent gate.
 21399 | Lair:5   | Noticed Cancer's ghost (journeyman GrCj)
 21399 | Lair:5   | Noticed an azure jelly
 21399 | Lair:5   | Noticed an azure jelly
 21400 | Lair:5   | Noticed an acid blob
 21400 | Lair:5   | Noticed an acid blob
 21400 | Lair:5   | Noticed an acid blob
 21400 | Lair:5   | Noticed an azure jelly
 21401 | Lair:5   | Noticed an azure jelly
 21401 | Lair:5   | Noticed an acid blob
 21402 | Lair:5   | Noticed an azure jelly
 21405 | Lair:5   | Found a viscous altar of Jiyva.
 21834 | Lair:5   | Found a viscous altar of Jiyva.
 21872 | Lair:5   | Found a staircase to the Slime Pits.
 22102 | Lair:6   | Entered Level 6 of the Lair of Beasts
 24789 | Lair:6   | Reached XP level 15. HP: 91/147 MP: 24/26
 25152 | Lair:6   | Identified the +1 leather armour "Zysis" {Str+2}
 25564 | D:10     | Found a shadowy altar of Dithmenos.
 25572 | D:10     | Identified the +6 spear of Strategic Superiority {vamp,
                  | Dex+2 Stlth+}
 26242 | D:10     | Noticed a fire giant
 26370 | D:11     | Reached skill level 1 in Dodging
 27132 | D:12     | Noticed Urug
 27137 | D:12     | Killed Urug
 27477 | D:12     | Found Pecw's Book Shop.
 27515 | D:12     | Noticed Rupert
 27536 | D:12     | Killed Rupert
 27889 | D:12     | Found a staircase to the Orcish Mines.
 28195 | D:12     | Noticed Fannar
 28199 | D:12     | Killed Fannar
 28415 | Orc:1    | Entered Level 1 of the Orcish Mines
 28429 | Orc:1    | Reached ****** piety under Fedhas
 28882 | Orc:2    | Entered Level 2 of the Orcish Mines
 28882 | Orc:2    | Found a staircase to the Elven Halls.
 28967 | Orc:2    | Found a roughly hewn altar of Beogh.
 29723 | Orc:2    | Found Qewn's Magic Scroll Emporium.
 29724 | Orc:2    | Found Muthis's Jewellery Shop.
 29724 | Orc:2    | Found Ropurch's Weapon Shoppe.
 29756 | Orc:2    | Found Sior's Jewellery Boutique.
 29769 | Orc:2    | Bought a scroll of teleportation for 42 gold pieces
 29769 | Orc:2    | Bought a scroll of magic mapping for 49 gold pieces
 29783 | Orc:2    | Bought the ring "Lerof" {Will+ EV+4 Int+6 Dex+4} for 1183
                  | gold pieces
 30647 | D:13     | Reached XP level 16. HP: 156/157 MP: 27/27
 31159 | D:13     | Reached skill level 1 in Evocations
 31791 | D:14     | Found a frozen archway.
 31825 | IceCv    | Entered an ice cave
 32893 | IceCv    | Noticed an azure jelly
 32909 | IceCv    | Killed an azure jelly
 32934 | IceCv    | Noticed an azure jelly
 32942 | IceCv    | Killed an azure jelly
 32949 | IceCv    | Noticed an azure jelly
 32954 | IceCv    | Killed an azure jelly
 32956 | IceCv    | Noticed a rockslime
 32964 | IceCv    | Killed a rockslime
 33167 | IceCv    | Found a viscous altar of Jiyva.
 33182 | IceCv    | Reached skill level 15 in Shields
 33443 | D:14     | Noticed Agnes
 33453 | D:14     | Killed Agnes
 33454 | D:14     | Reached skill level 5 in Dodging
 33939 | D:14     | Found an ornate altar of the Wu Jian Council.
 34037 | D:14     | Reached skill level 10 in Armour
 34092 | D:14     | Found a gate to the Vaults.
 34126 | D:14     | Reached skill level 5 in Evocations
 34282 | D:14     | Noticed Frances
 34292 | D:14     | Killed Frances
 34408 | D:15     | Entered Level 15 of the Dungeon
 35089 | D:15     | Reached XP level 17. HP: 140/163 MP: 29/29
 35176 | D:15     | Found a staircase to the Depths.
 36051 | Spider:1 | Entered Level 1 of the Spider Nest
 36051 | Spider:1 | Noticed Mlioglotl
 36400 | Swamp:1  | Entered Level 1 of the Swamp
 37077 | Swamp:1  | Found the +0 staff of Battle
 38979 | Swamp:3  | Noticed a tentacled monstrosity
 38995 | Swamp:3  | Killed a tentacled monstrosity
 39098 | Swamp:3  | Found the +10 tower shield of Ignorance {rN+ Int-4}
 39401 | Swamp:3  | Noticed Aizul
 39418 | Swamp:3  | Killed Aizul
 40120 | Swamp:4  | Entered Level 4 of the Swamp
 40393 | Swamp:4  | HP: 5/163 [eight-headed hydra[a spriggan druid] (8)]
 40393 | Swamp:4  | Demolished by an eight-headed hydra

Illustrated notes

Levels and vault maps discovered:
D:1:      lightli_arrival_quake, layout_basic, serial_shops, nicolae_shop_trees
D:2:      layout_basic, chequers_garden, minmay_crystal_room,
          palyth_stone_intersect
D:3:      layout_basic, tgw_kikubaaqudgha, basic_ecumenical_altar,
          serial_corexii_hall, corexii_hall_statues_i, corexii_hall_statues_t,
          corexii_hall_statues_u, chequers_hall_statues_wall_a,
          chequers_hall_statues_corner_a, corexii_hall_statues_x, uniq_pargi
D:4:      layout_gridville, minmay_temple_entry_antechambers, uniq_sigmund
D:5:      layout_loops_ring, minivault_19, minmay_pentangle, uniq_eustachio,
          uniq_blork_the_orc, uniq_duvessa
D:6:      layout_gridville, kennysheep_small_spiral
D:7:      layout_basic, minmay_fire_ice_demons, uniq_crazy_yiuf_cottage
D:8:      layout_loops_ring, erik_lair_orcish_takeover, uniq_joseph
D:9:      layout_rooms, mainiacjoe_overflow_catwalk
D:10:     layout_gridville, lemuel_round_altar, nicolae_rejected_hall
D:11:     layout_cave_pools, minmay_statue_bubble
D:12:     layout_roguey, kennysheep_orc_monster_closet_entryway, serial_shops,
          shop_fountains, uniq_rupert, uniq_fannar, uniq_urug
D:13:     layout_gridville, minivault_28
D:14:     layout_small_grid, grunt_vaults_entry_fortified,
          hangedman_abyss_or_decor_stagger, portal_ice_cave_entry_pillars_four,
          nicolae_wu_jian_immortal_techniques, uniq_agnes, uniq_frances
D:15:     grunt_enter_depths_magical_seal, layout_basic, minmay_misc_feat_chi
Temple:   mainiacjoe_temple_bowtie_tessellation
Lair:1:   layout_cave_pods
Lair:2:   regret_index_harrowing_hell_hive, layout_small_grid, swamp_mist,
          fungi_pond_lemuel, uniq_erica
Lair:3:   layout_small_grid
Lair:4:   gammafunk_mikee_crab_dinner, layout_layer_cave,
          spider_nest_entry_rubble, disabler_island
Lair:5:   layout_concentric_octagons, dpeg_slime_entry_enclosed_altar,
          gammafunk_ghost_ooze
Lair:6:   grunt_lair_end_beastmaster, layout_gridlike, kennysheep_rathole
Swamp:1:  layout_basic_swamp, nicolae_swamp_treefoil, swamp_pool3
Swamp:2:  layout_basic_swamp, evilmike_swamp_ruin_house_3, swamp_pool1
Swamp:3:  layout_basic_swamp, nicolae_swamp_little_tower, uniq_aizul
Swamp:4:  swamp_basic_johnstein, layout_basic_swamp, infiniplex_staircase_pool
Spider:1: nicolae_spider_hilbert_zone_4 [nicolae_spider_hilbert_4_sides_2_open,
          nicolae_spider_hilbert_4_sides_1_open,
          nicolae_spider_hilbert_4_sides_1_open,
          nicolae_spider_hilbert_4_sides_1_open,
          nicolae_spider_hilbert_4_sides_1_open,
          nicolae_spider_hilbert_2_sides_1_open,
          nicolae_spider_hilbert_2_sides_1_open,
          nicolae_spider_hilbert_2_sides_1_open,
          nicolae_spider_hilbert_2_sides_1_open,
          nicolae_spider_hilbert_6_sides_1_open,
          nicolae_spider_hilbert_6_sides_1_open,
          nicolae_spider_hilbert_3_sides_1_open,
          nicolae_spider_hilbert_3_sides_1_open], uniq_kirke, uniq_azrael,
          uniq_mlioglotl
Orc:1:    layout_caves
Orc:2:    st_orc_rangers, layout_diamond_mine, minmay_orc_temple_a

Skill      XL: |  1  2  3  4  5  6  7  8  9 10 11 12 13 14 15 16 17 |
---------------+----------------------------------------------------+-----
Axes           | 3 4 5 6 8 10 12 14 16 17 18 | 18.1
Fighting       | 4 5 6 7 9 10 12 13 15 17 | 17.8
Throwing       | 1 |  1.6
Shields        | 4 6 8 11 13 14 15 | 15.0
Invocations    | 1 2 4 6 8 10 12 14 15 16 18 | 18.3
Armour         | 5 7 8 10 12 | 12.9
Dodging        | 4 5 |  5.9
Evocations     | 5 |  5.0

Action                   |  1- 3 |  4- 6 |  7- 9 | 10-12 | 13-15 | 16-18 || total
-------------------------+-------+-------+-------+-------+-------+-------++-------
Melee: War axe           |    75 |    31 |   170 |   541 |   590 |       ||  1407
       Dagger            |    26 |    65 |       |       |       |       ||    91
       Flail             |       |       |       |    10 |       |       ||    10
       Broad axe         |       |       |       |       |   199 |   400 ||   599
Throw: Dart              |       |     3 |     6 |     4 |    25 |     4 ||    42
Invok: Wall of Briars    |       |       |     1 |     6 |     8 |     4 ||    19
       Grow Ballistomyce |       |       |       |     7 |    18 |    16 ||    41
       Grow Oklob        |       |       |       |       |     4 |     1 ||     5
       Overgrow          |       |       |       |       |     1 |       ||     1
Evoke: Wand              |       |     3 |     4 |    11 |     4 |     7 ||    29
       Condenser vane    |       |       |       |       |       |     2 ||     2
       Box of beasts     |       |       |       |       |       |     1 ||     1
  Use: Scroll            |       |     4 |     5 |     3 |    21 |     9 ||    42
       Potion            |       |     2 |       |     1 |    10 |     7 ||    20
 Stab: Confused          |       |       |       |       |    11 |     3 ||    14
       Petrifying        |       |       |       |       |     6 |       ||     6
       Petrified         |       |       |       |       |     3 |       ||     3
       Distracted        |       |       |       |       |     4 |     8 ||    12
Armor: Scale mail        |    47 |    47 |    24 |       |       |       ||   118
       Plate armour      |       |       |    33 |   244 |   355 |   131 ||   763
Dodge: Dodged            |    43 |    60 |    51 |   125 |   220 |   141 ||   640
Block: Buckler           |    19 |    23 |    30 |   116 |   226 |       ||   414
       Kite shield       |       |       |       |       |   140 |   216 ||   356

Table legend: (Time is in decaauts)
 A = Elapsed time spent in this place.
 B = Non-inter-level travel time spent in this place.
 C = Inter-level travel time spent in this place.
 D = Time resting spent in this place.
 E = Time spent auto-exploring this place.
 F = Levels seen in this place.
 G = Mean time per level.
                   A        B        C        D        E       F      G
               +--------+--------+--------+--------+--------+-----+--------+
         Total |  40017 |  37961 |   2056 |   4941 |  27661 |  30 | 1333.9 |
       Dungeon |  18372 |  17233 |   1139 |   1426 |  13329 |  15 | 1224.8 |
        Temple |    102 |     68 |     34 |      0 |     58 |   1 |  102.0 |
          Lair |  14211 |  13482 |    729 |   1754 |   9986 |   6 | 2368.5 |
         Swamp |   3951 |   3839 |    112 |    665 |   2764 |   4 |  987.8 |
   Spider Nest |     10 |     10 |      0 |      0 |      0 |   1 |   10.0 |
  Orcish Mines |   1892 |   1852 |     40 |    290 |   1190 |   2 |  946.0 |
      Ice Cave |   1476 |   1476 |      0 |    806 |    333 |   1 | 1476.0 |
               +--------+--------+--------+--------+--------+-----+--------+

Top non-repeatable levels by time:
  Lair:4: 3646 daAuts
  Lair:5: 2388 daAuts
  Lair:6: 2356 daAuts
  Lair:2: 2326 daAuts
  Lair:1: 1963 daAuts
     D:7: 1670 daAuts
  Lair:3: 1529 daAuts
   IceCv: 1476 daAuts
    D:15: 1455 daAuts
     D:8: 1439 daAuts
     D:1: 1405 daAuts
 Swamp:3: 1394 daAuts
 Swamp:1: 1381 daAuts
    D:13: 1364 daAuts
     D:3: 1315 daAuts
